 Dungeon Crawl Stone Soup version 0.31.0-12-g77e489cdc1 (webtiles) character file.

Game seed: 4485750332913552221

11970 ChrisAssaf the Covert (level 11, -5/67 HPs)
             Began as a Vine Stalker Chaos Knight on Mar 6, 2024.
             Was a Plaything of Xom.
             Slain by an orc knight
             ... wielding a +0 battleaxe
              (14 damage)
             ... on level 9 of the Dungeon.
             The game lasted 00:41:29 (8503 turns).

ChrisAssaf the Covert (Vine Stalker Chaos Knight)   Turns: 8503, Time: 00:41:29

Health: -5/67      AC:  9    Str: 16 (17) XL:     11   Next: 86%
Magic:  0/20       EV: 19    Int: 13 (14) God:    Xom [...*..]
Gold:   510        SH:  0    Dex: 19      Spells: 9/20 levels left

rFire   . . .        t - +5 short sword of Extermination {pain, Dex+2}
rCold   . . .        (no shield)
rNeg    . . .        r - +3 leather armour of the Good {rCorr Dex+3 Stlth+}
rPois   .            (helmet restricted)
rElec   +            e - +2 cloak {rCorr}
rCorr   +            (no gloves)
SInv    .            (no boots)
Will    +....        C - amulet of magic regeneration
Stlth   +++++        h - +5 ring of evasion
HPRegen 1.11/turn    E - ring of wizardry
MPRegen 0.57/turn

%: guardian spirit, wizardry (x1)
@: brilliant, invisible
A: fangs 3, regeneration 1, magic shield, antimagic bite, no potion heal 2,
horns 1, talons 1, deterioration 1, robust 2, electricity resistance, wild magic
1, noise suppression
a: Renounce Religion


You were on level 9 of the Dungeon.
You worshipped Xom.
You were a favourite toy of Xom.
You visited 1 branch of the dungeon, and saw 9 of its levels.
You also visited: Ossuary.

You collected 626 gold pieces.
You spent 116 gold pieces at shops.

Inventory:

Hand Weapons
 a - a +1 hand axe of chaos
 m - a +0 war axe of draining
 t - the +5 short sword of Extermination (weapon) {pain, Dex+2}
   (You found it on level 4 of the Dungeon)

   Dex+2:     It affects your dexterity (+2).
Missiles
 k - 9 silver javelins
Armour
 b - a +2 leather armour
 c - a +1 scale mail
 e - a +2 cloak of preservation (worn)
 r - the +3 leather armour of the Good (worn) {rCorr Dex+3 Stlth+}
   (You found it on level 4 of the Dungeon)

   Dex+3:     It affects your dexterity (+3).
   rCorr:     It protects you from acid and corrosion.
   Stlth+:    It makes you more stealthy.
 A - an orb of light
Jewellery
 h - a +5 ring of evasion (left hand)
 C - an amulet of magic regeneration (around neck)
 E - a ring of wizardry (right hand)
 G - a +6 ring of dexterity
Wands
 B - a wand of polymorph (3)
Scrolls
 j - 3 scrolls of amnesia
 u - 3 scrolls of fog
 v - a scroll of noise
 x - 4 scrolls of enchant weapon
 D - 2 scrolls of vulnerability
 F - a scroll of enchant armour
Potions
 d - 6 potions of curing
 f - a potion of cancellation
 g - a potion of mutation {unknown}
 i - a potion of might
 n - 2 potions of invisibility
 o - 2 potions of enlightenment
 p - 3 potions of brilliance
 q - a potion of ambrosia
 s - 2 potions of degeneration
 w - a potion of attraction
 I - a potion of berserk rage


   Skills:
 * Level 6.1 Fighting
 * Level 5.7 Short Blades
 * Level 8.3 Axes
 * Level 3.1 Throwing
 * Level 4.8 Armour
 * Level 4.9 Dodging
 * Level 9.5 Stealth
 * Level 5.4 Spellcasting
 * Level 1.2 Conjurations
 * Level 2.6 Hexes
 * Level 2.7 Summonings
 * Level 2.4 Necromancy
 * Level 1.1 Earth Magic
 * Level 0.8 Evocations


You had 9 spell levels left.
You knew the following spells:

 Your Spells              Type           Power      Damage    Failure   Level
a - Call Canine Familiar  Summ           20%        N/A       12%         3
b - Sigil of Binding      Hex            20%        N/A       12%         3
c - Searing Ray           Conj           26%        2d5       11%         2
d - Stone Arrow           Conj/Erth      26%        3d8       21%         3

Your spell library contained the following spells:

 Spells                   Type           Power      Damage    Failure   Level
 Magic Dart               Conj           52%        1d5       8%          1
 Sandblast                Erth           24%        2d8       8%          1
 Passwall                 Erth           12%        N/A       21%         3
 Brom's Barrelling Bould  Conj/Erth      13%        2d4       50%         4
 Dimensional Bullseye     Hex/Tloc       6%         N/A       50%         4
 Fulminant Prism          Conj/Alch      5%         3d7       58%         4


Dungeon Overview and Level Annotations

Branches:
Dungeon (9/15)             Temple (0/1) D:5             Orc (0/2) D:9
Ossuary (visited)
   Lair: D:8-11

Altars:
Dithmenos
Elyvilon
Fedhas
Makhleb
Nemelex Xobeh
Okawaru
Ru
Uskayaw
Vehumet
Xom
Yredelemnul

Shops:
D:3 *


Innate Abilities, Weirdness & Mutations

You have razor-sharp teeth.
Your natural rate of healing is unusually fast.
When hurt, damage is shared between your health and your magic reserves.
Your bite disrupts and absorbs the magic of your enemies.
Potions cannot restore your health.
You have a pair of small horns on your head.
You have sharp toenails.
Your body sometimes deteriorates upon taking damage.
You are very robust. (+20% HP)
You are resistant to electric shocks. (rElec)
Your spells are a little harder to cast, but a little more powerful.
You passively dampen the noise of your surroundings.


Message History

You hit the orc knight but do no damage.
You claw the orc knight, but do no damage.
Your headbutt misses the orc knight. Your bite misses the orc knight.
The orc knight is heavily wounded.
The orc knight hits you with a +0 battleaxe!
Unknown command.
You hit the orc knight but do no damage.
The orc knight writhes in agony.
Flame seeps out of the orc knight.
You claw the orc knight, but do no damage.
You bite the orc knight, but do no damage.
The orc knight is severely wounded.
The orc knight hits you with a +0 battleaxe!
Unknown command.
The orc knight barely misses you.
The orc knight is engulfed in blazing flames.
Flame seeps out of the orc knight.
The orc knight hits you with a +0 battleaxe!
The orc knight is engulfed in blazing flames.
Flame seeps out of the orc knight.
The orc knight barely misses you.
Your magical contamination has completely faded away.
Okay, then.
Okay, then.
The orc knight hits you with a +0 battleaxe!!
Your body deteriorates!
You feel dopey.
You start removing your armour.
You continue taking off your orb of light.
The orc knight hits you with a +0 battleaxe!!
* * * LOW HITPOINT WARNING * * *
Your body deteriorates!
You feel weakened.
You continue taking off your orb of light.
The orc knight misses you.
You continue taking off your orb of light.
The orc knight misses you.
You continue taking off your orb of light.
The orc knight hits you with a +0 battleaxe.
* * * LOW HITPOINT WARNING * * *
You finish taking off your orb of light.
You fade into invisibility!
The orc knight hits you with a +0 battleaxe!!
You die...

#.#*###.# ##.######...
#.##....######..........#
#.#.....##%o########.##.#
#.......#.JC##...#...##.#
#.......#)))#g##.#...##.#
#.#.########'###.#...##.#
#.#......##.###.###.###.#
####.########.###...#......#
#.......# #@#.##..#.##.##.##
#.##.##.# #o#...#...##.##.##
#.##.##.# #=######.##.....##
#.##....# #°○.......##.##(..
#.####..# #...(...#.##.##.##
#.####..# #...)...#....##.##
#.......# #.......#..####.#
######.## #########<.####.#
#.# #.......#


You could see an orc knight (inner flame, unable to see you).

Vanquished Creatures
  An ogre mage (D:9)
  The ghost of PaiMei the Geomancer, a novice GrEE of Vehumet (D:8)
  Maurice (D:9)
  A cyclops (D:9)
  A gargoyle (D:7)
  2 freezing wraiths (D:9)
  The ghost of Gadfly the Covered, an amateur AtFi of the Shining One (D:4)
  Prince Ribbit (D:9)
  A hornet (D:8)
  14 yaks
  Eustachio (D:6)
  3 steam dragons
  Menkaure (D:6)
  An acid dragon (D:8)
  2 water moccasins
  4 ice beasts
  A sky beast (D:7)
  2 black bears
  3 orc warriors
  2 ogres
  2 centaurs
  2 phantoms
  2 bullfrogs
  Blork the orc (D:6)
  3 kobold brigands
  4 scorpions
  7 water moccasin zombies (Ossuary)
  A burial acolyte (Ossuary)
  5 wights (D:8)
  A troll zombie (D:9)
  3 killer bees (D:9)
  5 howler monkeys
  2 electric eels (D:8)
  3 bombardier beetles
  A bullfrog zombie (D:4)
  4 jellies
  8 hounds
  A spectral scorpion (Ossuary)
  A gnoll bouda (D:7)
  2 orc priests (D:3)
  Crazy Yiuf (D:3)
  6 iguanas
  A scorpion zombie (D:4)
  Terence (D:2)
  7 orc wizards
  A bullfrog simulacrum (Ossuary)
  4 ogre zombies (D:9)
  A crocodile zombie (Ossuary)
  A hound zombie (D:4)
  3 mummies
  Robin (D:2)
  4 gnolls
  10 adders
  3 shadow imps
  2 white imps
  4 ufetubi
  6 adder zombies
  2 dart slugs
  26 orcs
  6 endoplasms
  4 giant cockroaches
  10 goblins
  5 hobgoblins (D:2)
  4 jackals (D:3)
  2 quokkas (D:3)
  6 ball pythons
  4 bats
  2 frilled lizards (D:2)
  4 gnoll skeletons (D:9)
  12 gnoll zombies
  2 hobgoblin zombies (D:4)
  3 jackal zombies (Ossuary)
  14 kobolds
  3 orc skeletons (D:9)
  15 orc zombies
  2 rats
  A rat zombie (D:2)
  A butterfly (D:3)
286 creatures vanquished.

Vanquished Creatures (collateral kills)
  Sigmund (D:2)
  3 yaks (D:9)
  2 two-headed ogre zombies (D:9)
  A water moccasin (D:9)
  A boggart (D:9)
  2 phantoms (D:9)
  An ogre zombie (D:9)
  2 gnoll zombies (D:9)
  A hobgoblin (D:2)
  A ball python (D:2)
  A gnoll skeleton (D:9)
  5 orc zombies (D:9)
21 creatures vanquished.

Vanquished Creatures (others)
  A two-headed ogre (D:9)
  An orc zombie (D:3)
2 creatures vanquished.

Grand Total: 309 creatures vanquished

Notes
Turn   | Place    | Note
-------+----------+-------------------------------------------
     0 | D:1      | ChrisAssaf the Vine Stalker Chaos Knight began the quest
                  | for the Orb.
     0 | D:1      | Reached XP level 1. HP: 11/11 MP: 2/2
   142 | D:1      | Reached XP level 2. HP: 16/16 MP: 3/3
   306 | D:1      | XOM: silly message
   473 | D:1      | XOM: divination: magic mapping
   763 | D:2      | XOM: smoke on damage
   765 | D:2      | XOM: silly message
   766 | D:2      | Noticed Robin
   768 | D:2      | Reached XP level 3. HP: 18/20 MP: 2/4
   771 | D:2      | Reached skill level 1 in Dodging
   774 | D:2      | Reached skill level 1 in Stealth
   781 | D:2      | XOM: butterfly on damage
   783 | D:2      | Killed Robin
   918 | D:2      | XOM: give mutations
   918 | D:2      | Gained mutation: You have sharp toenails. [Xom's mischief]
   918 | D:2      | Gained mutation: Your spells are a little harder to cast,
                  | but a little more powerful. [Xom's mischief]
   918 | D:2      | Gained mutation: Your body sometimes deteriorates upon
                  | taking damage. [Xom's mischief]
   918 | D:2      | Gained mutation: You are resistant to electric shocks.
                  | (rElec) [Xom's mischief]
   991 | D:2      | Noticed Sigmund
   992 | D:2      | XOM: enchant monster (bad)
  1138 | D:2      | Noticed Terence
  1143 | D:2      | Killed Terence
  1144 | D:2      | Reached XP level 4. HP: 24/24 MP: 5/5
  1230 | D:2      | XOM: cast spell 'Summon Dragon'
  1231 | D:2      | Killed Sigmund
  1232 | D:2      | Reached skill level 2 in Stealth
  1232 | D:2      | Reached skill level 1 in Spellcasting
  1232 | D:2      | Reached XP level 5. HP: 28/28 MP: 5/7
  1232 | D:2      | Reached XP level 6. HP: 32/32 MP: 5/8
  1248 | D:2      | XOM: god gift: fizzy blue potion {god gift}
  1289 | D:3      | XOM: stealth player
  1305 | D:3      | Identified the +8 quarterstaff "Wuni" {freeze, ^Contam rC+
                  | Dex+3}
  1357 | D:3      | XOM: give mutations
  1357 | D:3      | Gained mutation: You are robust. (+10% HP) [Xom's grace]
  1357 | D:3      | Gained mutation: You passively dampen the noise of your
                  | surroundings. [Xom's grace]
  1357 | D:3      | Gained mutation: You are very robust. (+20% HP) [Xom's
                  | grace]
  1386 | D:3      | Found a radiant altar of Vehumet.
  1390 | D:3      | XOM: 3-stop teleportation journey
  1435 | D:3      | Found a runed translucent door.
  1436 | D:3      | Noticed Crazy Yiuf
  1446 | D:3      | Killed Crazy Yiuf
  1558 | D:3      | Found Juucs's Assorted Antiques.
  1566 | D:3      | XOM: silly message
  1596 | D:3      | Bought a fizzy cyan potion for 27 gold pieces
  1596 | D:3      | Bought a scroll of identify for 62 gold pieces
  1596 | D:3      | Bought an emerald potion for 27 gold pieces
  1635 | D:3      | a dart slug changed into a steam dragon
  1635 | D:3      | Noticed a steam dragon
  1635 | D:3      | XOM: polymorph dart slug -> steam dragon
  1636 | D:3      | Killed a steam dragon
  1637 | D:3      | Reached skill level 5 in Axes
  1637 | D:3      | Reached XP level 7. HP: 37/44 MP: 8/10
  1640 | D:3      | Killed a steam dragon
  1729 | D:3      | XOM: silly message
  1743 | D:3      | XOM: cloud trail
  2119 | D:4      | Reached skill level 3 in Stealth
  2238 | D:4      | Found a runed translucent gate.
  2239 | D:4      | Found a runed translucent gate.
  2240 | D:4      | Found a runed translucent gate.
  2262 | D:4      | XOM: 1-stop teleportation journey
  2310 | D:4      | Gained mutation: You have razor-sharp teeth. [Vine Stalker
                  | growth]
  2310 | D:4      | Reached XP level 8. HP: 50/50 MP: 12/12
  2434 | D:4      | Found a sand-covered staircase.
  2442 | Ossuary  | Entered an ossuary
  2483 | Ossuary  | Reached skill level 4 in Stealth
  2598 | Ossuary  | XOM: potion effect (berserk rage)
  2765 | D:4      | Identified the +3 leather armour of the Good {rCorr Dex+3
                  | Stlth+}
  2813 | D:4      | Found a burning altar of Makhleb.
  2839 | D:4      | Identified the +5 short sword of Extermination {pain,
                  | Dex+2}
  2985 | D:4      | Noticed Gadfly's ghost (amateur AtFi)
  3101 | D:4      | Found a basalt altar of Yredelemnul.
  3190 | D:4      | XOM: divination: detect items
  3202 | D:4      | XOM: potion effect (magic)
  3203 | D:4      | Killed Gadfly's ghost
  3204 | D:4      | Reached XP level 9. HP: 47/55 MP: 12/14
  3251 | D:5      | Entered Level 5 of the Dungeon
  3272 | D:5      | Found a staircase to the Ecumenical Temple.
  3384 | D:5      | XOM: smoke on damage
  3567 | D:5      | Reached skill level 1 in Short Blades
  3737 | D:5      | Reached skill level 5 in Stealth
  3791 | D:5      | Reached skill level 5 in Fighting
  4067 | D:5      | Found a shadowy altar of Dithmenos.
  4227 | D:6      | Noticed Blork the orc
  4234 | D:6      | Killed Blork the orc
  4294 | D:6      | XOM: divination: detect creatures
  4332 | D:6      | Found a shimmering altar of Xom.
  4377 | D:6      | Reached skill level 6 in Stealth
  4399 | D:6      | XOM: silly message
  4404 | D:6      | Found a sparkling altar of Nemelex Xobeh.
  4417 | D:6      | Noticed Menkaure
  4419 | D:6      | Killed Menkaure
  4452 | D:6      | XOM: god gift: scroll of brand weapon
  4513 | D:6      | Noticed Eustachio
  4513 | D:6      | XOM: 3-stop teleportation journey
  4517 | D:6      | Killed Eustachio
  4518 | D:6      | Reached skill level 1 in Throwing
  4520 | D:6      | XOM: confuse monster(s)
  4537 | D:6      | Reached XP level 10. HP: 61/61 MP: 17/17
  4542 | D:6      | Reached skill level 7 in Stealth
  4594 | D:6      | XOM: cloud trail
  5118 | D:7      | XOM: stealth player
  5136 | D:7      | XOM: noise
  5169 | D:7      | XOM: noise
  5192 | D:7      | Found a sacrificial altar of Ru.
  5240 | D:7      | XOM: noise
  5281 | D:7      | XOM: potion effect (haste)
  5286 | D:7      | XOM: butterfly on damage
  5547 | D:7      | Found an iron altar of Okawaru.
  5807 | D:7      | XOM: cloud trail
  6067 | D:7      | Noticed a gargoyle
  6084 | D:7      | Killed a gargoyle
  6146 | D:7      | Learned a level 3 spell: Call Canine Familiar
  6150 | D:7      | Learned a level 3 spell: Sigil of Binding
  6355 | D:8      | Found a blossoming altar of Fedhas.
  6466 | D:8      | Found a white marble altar of Elyvilon.
  6553 | D:8      | XOM: 3-stop teleportation journey
  6609 | D:8      | Reached skill level 1 in Summonings
  6624 | D:8      | XOM: 1-stop teleportation journey
  6645 | D:8      | XOM: confusion
  6663 | D:8      | Reached skill level 8 in Stealth
  6666 | D:8      | XOM: cast spell 'Alistair's Intoxication'
  6800 | D:8      | Found a runed translucent door.
  6803 | D:8      | Noticed PaiMei's ghost (novice GrEE)
  6835 | D:8      | XOM: noise
  6837 | D:8      | Killed PaiMei's ghost
  6838 | D:8      | Reached skill level 1 in Hexes
  6838 | D:8      | Reached skill level 1 in Necromancy
  6962 | D:8      | Reached XP level 11. HP: 55/67 MP: 19/19
  6962 | D:8      | XOM: cast spell 'Chain of Chaos'
  6981 | D:8      | XOM: enchant monster (bad)
  6990 | D:8      | XOM: confusion
  7112 | D:8      | Reached skill level 5 in Short Blades
  7215 | D:8      | XOM: give mutations
  7215 | D:8      | Gained mutation: You are agile. (Dex +4, Str/Int -1) [Xom's
                  | mischief]
  7215 | D:8      | Gained mutation: You have a pair of small horns on your
                  | head. [Xom's mischief]
  7215 | D:8      | Lost mutation: You are agile. (Dex +4, Str/Int -1) [Xom's
                  | mischief]
  7440 | D:9      | Noticed an orc knight
  7440 | D:9      | Noticed a cyclops
  7441 | D:9      | Found a runed translucent door.
  7441 | D:9      | Noticed Prince Ribbit
  7452 | D:9      | Noticed a cyclops
  7452 | D:9      | Noticed an ogre mage
  7455 | D:9      | Killed Prince Ribbit
  7456 | D:9      | Reached skill level 5 in Spellcasting
  7456 | D:9      | Identified the ring of Cyrrut {rC+ rN+ Int+2}
  7511 | D:9      | XOM: silly message
  7549 | D:9      | XOM: 3-stop teleportation journey
  7551 | D:9      | Found a hide-covered altar of Uskayaw.
  7562 | D:9      | Noticed a two-headed ogre
  7587 | D:9      | Noticed Maurice
  7592 | D:9      | Killed Maurice
  7621 | D:9      | Found a staircase to the Orcish Mines.
  7627 | D:9      | XOM: summons 11 friendly demons
  7635 | D:9      | Reached skill level 9 in Stealth
  7756 | D:9      | Killed a two-headed ogre
  7756 | D:9      | XOM: divine lightning
  7771 | D:9      | XOM: scenery: create altars
  7792 | D:9      | XOM: god gift: book of Conjurations
  7797 | D:9      | Learned a level 2 spell: Searing Ray
  7832 | D:9      | XOM: cleaving
  7956 | D:9      | Learned a level 3 spell: Stone Arrow
  8444 | D:9      | XOM: potion effect (brilliance)
  8450 | D:9      | XOM: summons friendly quasit
  8451 | D:9      | XOM: divination: detect creatures
  8454 | D:9      | Killed an ogre mage
  8455 | D:9      | Reached skill level 1 in Conjurations
  8455 | D:9      | Reached skill level 1 in Earth Magic
  8456 | D:9      | Killed a cyclops
  8487 | D:9      | XOM: noise
  8503 | D:9      | Slain by an orc knight

Illustrated notes

Levels and vault maps discovered:
D:1:      lightli_arrival_noodles, layout_loops_ring,
          amcnicky_mini_rare_corridor_liquid, minmay_misc_feat_rows,
          serial_bayou_pond_c
D:2:      layout_rooms, st_stairs_6, uniq_terence, uniq_sigmund, uniq_robin
D:3:      layout_basic, fiery_altar_vehumet, serial_shops, nicolae_shop_stone,
          hangedman_glass_garden, uniq_crazy_yiuf_cottage
D:4:      layout_cave_pools, mainiacjoe_overflow_small_starburst,
          nicolae_yredelemnul_corpse_copse, nicolae_ossuary_entry_giza,
          gammafunk_ghost_split, nicolae_houndstooth_variations
D:5:      minmay_bubble_buster, layout_loops_ring, lemuel_tele_altar,
          minmay_temple_entry_sparse_star
D:6:      layout_basic, mainiacjoe_overflow_surrounded_room,
          general_overflow_altar, minmay_bent, uniq_eustachio, uniq_menkaure,
          uniq_blork_the_orc
D:7:      layout_cave_pods, okawaru_trees_1, nicolae_ru_sacrificial_ziggurat,
          corexii_item_surrounded_by_moat, minivault_22, minivault_23,
          wad_mini_maze
D:8:      layout_loops_cross, nicolae_elyvilon_temple_path,
          mainiacjoe_overflow_boulevard, hellmonk_ghost_happy_afterlife
D:9:      minmay_gate_of_8, layout_loops_cross, kennysheep_little_box,
          zombieorc2_lemuel, uniq_maurice, uniq_prince_ribbit1

Skill      XL: |  1  2  3  4  5  6  7  8  9 10 11 |
---------------+----------------------------------+-----
Fighting       | 3 4 5 6 |  6.1
Axes           | 3 4 5 7 8 |  8.3
Dodging        | 1 2 3 4 |  4.9
Stealth        | 1 2 3 4 6 8 9 |  9.5
Armour         | 2 3 4 |  4.8
Spellcasting   | 1 2 3 4 5 |  5.4
Short Blades   | 2 4 5 |  5.7
Throwing       | 1 2 3 |  3.1
Summonings     | 1 2 |  2.7
Hexes          | 1 2 |  2.6
Necromancy     | 1 2 |  2.4
Conjurations   | 1 |  1.2
Earth Magic    | 1 |  1.1
Evocations     | |  0.8

Action                     |  1- 3 |  4- 6 |  7- 9 | 10-12 || total
---------------------------+-------+-------+-------+-------++-------
  Melee: Hand axe          |    83 |    46 |   195 |       ||   324
         Bite              |    18 |    16 |   110 |   115 ||   259
         Punch             |     2 |     1 |     5 |     9 ||    17
         Kick              |     5 |    12 |   113 |   118 ||   248
         Short sword       |       |       |   125 |   323 ||   448
         Headbutt          |       |       |       |    27 ||    27
  Throw: Boomerang         |       |       |     3 |    25 ||    28
   Cast: Sigil of Binding  |       |       |       |     4 ||     4
         Call Canine Famil |       |       |       |     5 ||     5
         Stone Arrow       |       |       |       |    14 ||    14
         Searing Ray       |       |       |       |     2 ||     2
  Evoke: Wand              |       |       |       |     6 ||     6
    Use: Scroll            |     9 |     2 |    10 |    13 ||    34
         Potion            |     1 |     4 |     2 |     5 ||    12
   Stab: Confused          |     1 |     1 |     3 |     1 ||     6
         Sleeping          |       |     1 |    22 |    23 ||    46
         Petrified         |       |       |     5 |       ||     5
         Distracted        |       |       |       |     1 ||     1
 Armour: Leather armour    |    62 |    22 |   177 |   156 ||   417
         Skin              |       |     1 |       |       ||     1
  Dodge: Dodged            |    62 |    40 |   259 |   261 ||   622
